[Event "Titled Tuesday Blitz February 21 Early 2023"]
[White "Andreev, Eduard"]
[Black "Kielinkei"]
[WhiteFideId "14103400"]
[WhiteElo "2413"]
[BlackElo "2378"]
[Result "1-0"]
[Round "04"]
[TimeControl "180+2"]
[Date "2023.02.21"]
[WhiteClock "0:00:18"]
[BlackClock "0:00:12"]

1. d4 Nf6 2. c4 e6 3. g3 Bb4+ 4. Bd2 a5 5. Bg2 O-O 6. Nf3 b6 7. Ne5 Ra7 8. O-O d6 9. Nd3 Bxd2 10. Qxd2 Bb7 11. Nc3 Bxg2 12. Kxg2 Nbd7 13. e4 e5 14. d5 Re8 15. b3 Nc5 16. Nxc5 bxc5 17. f3 Qd7 18. Nb5 Raa8 19. a3 a4 20. b4 cxb4 21. axb4 Ra6 22. Ra3 c6 23. Nc3 cxd5 24. cxd5 Rea8 25. Rfa1 Ne8 26. b5 Ra5 27. Qd3 Nc7 28. b6 Na6 29. Rxa4 Rxa4 30. Rxa4 Qb7 31. Qb5 Nc5 32. Rxa8+ Qxa8 33. Qc6 Qb8 34. Nb5 Kf8 35. Nxd6 Ke7 36. Qxc5 Qxd6 37. Qxd6+ Kxd6 38. f4 f6 39. Kf3 Kd7 40. Kg4 Kc8 41. fxe5 fxe5 42. Kf5 Kb7 43. Ke6 Kxb6 44. d6 Kc5 45. d7 Kd4 46. d8=Q+ Kxe4 47. Qh4+ Kf3 48. Qxh7 e4 49. Qxg7 e3 50. Qc3 Kf2 51. g4 e2 52. Qd2 Kf1 53. g5 e1=Q+ 54. Qxe1+ Kxe1 55. g6 Kf2 56. h4 Kg2 57. h5 Kh3 58. h6 Kg4 59. g7 Kg5 60. h7 Kf4 61. g8=Q Ke4 62. h8=Q Kd3 63. Qg4 Ke3 64. Qhh3+ Kd2 65. Qgg2+ 1-0


[Site "https://www.chess.com"]

[Event "Titled Tuesday Blitz February 21 Early 2023"]
[White "Mayaud, Raphael"]
[Black "Orlov, Georgi"]
[WhiteFideId "627151"]
[BlackFideId "2011271"]
[WhiteElo "2201"]
[BlackElo "2453"]
[Result "1/2-1/2"]
[Round "04"]
[TimeControl "180+2"]
[Date "2023.02.21"]
[WhiteClock "0:02:37"]
[BlackClock "0:02:39"]

1. d4 Nf6 2. Bg5 d5 3. Bxf6 exf6 4. e3 c6 5. g3 f5 6. Bg2 g6 7. Nd2 Bg7 8. Ne2 O-O 9. O-O Nd7 10. c4 dxc4 11. Nxc4 Nb6 12. b3 Be6 13. Rc1 Qe7 14. Nf4 Rfd8 15. Nxe6 Qxe6 16. Qf3 Rd7 17. Rfd1 Rad8 18. h4 1/2-1/2


[Site "https://www.chess.com"]

[Event "Titled Tuesday Blitz February 21 Early 2023"]
[White "Fernandez Garcia, Gumersindo"]
[Black "Hirneise, Jens"]
[WhiteFideId "24516740"]
[BlackFideId "24614734"]
[WhiteElo "2160"]
[BlackElo "2277"]
[Result "1-0"]
[Round "04"]
[TimeControl "180+2"]
[Date "2023.02.21"]
[WhiteClock "0:01:24"]
[BlackClock "0:01:31"]

1. e4 e5 2. Nf3 d6 3. d4 exd4 4. Nxd4 Nf6 5. Nc3 Be7 6. Bd3 c5 7. Nf3 Bg4 8. h3 Bxf3 9. Qxf3 Nc6 10. Bf4 O-O 11. O-O Ne5 12. Bxe5 dxe5 13. Bc4 a6 14. Rfd1 Qc8 15. Nd5 Nxd5 16. Bxd5 Rb8 17. Qh5 Bf6 18. Rd3 g6 19. Qe2 Kg7 20. a4 b5 21. axb5 axb5 22. Ra7 Rb6 23. Rf3 Qb8 24. Rd7 Rd6 25. Rb7 Qe8 26. Qxb5 Qxb5 27. Rxb5 1-0


[Site "https://www.chess.com"]

[Event "Titled Tuesday Blitz February 21 Early 2023"]
[White "Iljin, Timofey"]
[Black "Ince, Taylan Ruzgar"]
[WhiteFideId "14110180"]
[BlackFideId "44513089"]
[WhiteElo "2329"]
[BlackElo "2264"]
[Result "1-0"]
[Round "04"]
[TimeControl "180+2"]
[Date "2023.02.21"]
[WhiteClock "0:00:05"]
[BlackClock "0:00:01"]

1. e4 c5 2. c3 Nf6 3. e5 Nd5 4. d4 cxd4 5. cxd4 Nc6 6. Nf3 d6 7. Bc4 Nb6 8. Bb5 Bd7 9. Nc3 e6 10. exd6 Bxd6 11. O-O O-O 12. Bd3 g6 13. Bh6 Re8 14. a3 Nd5 15. Re1 Bf8 16. Bg5 Be7 17. Nxd5 Bxg5 18. Nxg5 exd5 19. Rxe8+ Bxe8 20. Nf3 Qf6 21. Bb5 Na5 22. Bxe8 Rxe8 23. Ne5 Nc6 24. Qa4 Rc8 25. Rc1 Qf4 26. Rc2 Re8 27. Nf3 Qxd4 28. Qxd4 Nxd4 29. Rc7 Nxf3+ 30. gxf3 Rb8 31. Rd7 a6 32. Rxd5 Rc8 33. Rd7 b5 34. Rd6 Ra8 35. Kf1 a5 36. Rd5 b4 37. a4 Rc8 38. Ke2 Rc2+ 39. Rd2 Rc4 40. Ke3 b3 41. Rd3 Rb4 42. Rc3 Kg7 43. f4 h5 44. h4 Rxa4 45. Rxb3 Ra2 46. Rb6 a4 47. f3 a3 48. bxa3 Rxa3+ 49. Kf2 Ra4 50. Kg3 Ra5 51. Rc6 Rf5 52. Rb6 Kf8 53. Rb7 Ke8 54. Ra7 Rd5 55. Rb7 Rd1 56. Ra7 Rg1+ 57. Kf2 Rh1 58. Kg2 Rxh4 59. Kg3 Rh1 60. Ra8+ Ke7 61. Ra7+ Kf6 62. Ra6+ Kg7 63. f5 g5 64. Rb6 Rh4 65. Ra6 Rf4 66. Ra5 h4+ 67. Kh3 f6 68. Kg2 1-0


[Site "https://www.chess.com"]

[Event "Titled Tuesday Blitz February 21 Early 2023"]
[White "Najdin, Danil"]
[Black "Spitzl, Vinzent"]
[WhiteFideId "4172426"]
[BlackFideId "12901253"]
[WhiteElo "2235"]
[BlackElo "2365"]
[Result "0-1"]
[Round "04"]
[TimeControl "180+2"]
[Date "2023.02.21"]
[WhiteClock "0:00:11"]
[BlackClock "0:00:05"]

1. e4 e5 2. Nf3 Nc6 3. c3 d5 4. Bb5 f6 5. Qa4 Ne7 6. O-O dxe4 7. Qxe4 Bf5 8. Qe2 Qd6 9. d4 O-O-O 10. dxe5 Nxe5 11. Nxe5 Qxe5 12. Qxe5 fxe5 13. Bg5 h6 14. Bh4 g5 15. Bg3 Ng6 16. Na3 a6 17. Ba4 Nf4 18. Bc2 Bxc2 19. Nxc2 Rd2 20. Ne3 Rxb2 21. Nc4 Rc2 22. Nxe5 Bg7 23. Bxf4 gxf4 24. Ng6 Re8 25. Nxf4 Rxc3 26. Rac1 Rxc1 27. Rxc1 Re5 28. g3 b5 29. Kg2 Kb7 30. Kf3 Kb6 31. Nd3 Rd5 32. Ke4 Rd4+ 33. Ke3 Rd5 34. Nf4 Re5+ 35. Kf3 c5 36. Nd3 Rd5 37. Nf4 Rd6 38. Ke4 c4 39. h4 Kc5 40. g4 b4 41. g5 hxg5 42. hxg5 a5 43. Kf5 Kb5 44. Ne6 Bb2 45. Rg1 c3 46. g6 c2 47. g7 Bxg7 48. Rc1 Rd5+ 49. Ke4 Re5+ 50. Kf4 Rxe6 51. Rxc2 Rc6 52. Re2 Bc3 53. Re8 Ka4 54. Ke4 Rf6 55. f4 Ka3 56. Ra8 a4 57. f5 Kxa2 58. Rxa4+ Kb3 59. Ra8 Kc2 0-1


[Site "https://www.chess.com"]

[Event "Titled Tuesday Blitz February 21 Early 2023"]
[White "Carrasco Miranda, Andres"]
[Black "Vovk, Orest"]
[WhiteFideId "3405990"]
[BlackFideId "14113490"]
[WhiteElo "2240"]
[BlackElo "2315"]
[Result "0-1"]
[Round "04"]
[TimeControl "180+2"]
[Date "2023.02.21"]
[WhiteClock "0:00:06"]
[BlackClock "0:01:20"]

1. d4 h6 2. c4 g5 3. Nc3 Bg7 4. g3 c5 5. d5 d6 6. Bg2 Bxc3+ 7. bxc3 Nf6 8. h4 g4 9. h5 Nbd7 10. e4 Ne5 11. Bf4 Nfd7 12. Qa4 Qb6 13. Bxe5 dxe5 14. Ne2 Qb2 15. Qd1 Nb6 16. O-O Nxc4 17. Qa4+ b5 18. Qd1 Qd2 19. a4 Qxd1 20. Rfxd1 bxa4 21. Nc1 Bd7 22. Nd3 Rc8 23. Rdb1 f6 24. Rb7 a5 25. Ra7 a3 26. Nc1 a4 27. Bf1 Nd2 28. Rxa3 Nxe4 29. Nd3 Nd6 30. Be2 Nb5 31. Rxd7 Nxa3 32. Ra7 Nb5 33. Rxa4 Nxc3 34. Ra7 0-1


[Site "https://www.chess.com"]

[Event "Titled Tuesday Blitz February 21 Early 2023"]
[White "Chos, Alexey"]
[Black "Melian, Juan Sebastian"]
[WhiteFideId "14117762"]
[BlackFideId "3706575"]
[WhiteElo "2296"]
[BlackElo "2293"]
[Result "0-1"]
[Round "04"]
[TimeControl "180+2"]
[Date "2023.02.21"]
[WhiteClock "0:02:38"]
[BlackClock "0:01:51"]

1. Nf3 g6 2. c4 Bg7 3. g3 d6 4. Bg2 Nc6 5. d4 Bd7 6. O-O h5 7. h4 Qc8 8. Nc3 Bh3 9. e4 Nf6 10. Be3 Bxg2 11. Kxg2 Ng4 12. Qe2 O-O 13. Rad1 e5 14. dxe5 Ncxe5 15. Nxe5 Nxe5 16. Nd5 Re8 17. Bg5 Re6 0-1


[Site "https://www.chess.com"]

[Event "Titled Tuesday Blitz February 21 Early 2023"]
[White "Novikov, Evgenij"]
[Black "Begunov, Konstantin"]
[WhiteFideId "4125380"]
[BlackFideId "4118510"]
[WhiteElo "2276"]
[BlackElo "2325"]
[Result "1-0"]
[Round "04"]
[TimeControl "180+2"]
[Date "2023.02.21"]
[WhiteClock "0:00:18"]
[BlackClock "0:00:11"]

1. d4 d5 2. c4 c6 3. Nf3 Nf6 4. Nc3 dxc4 5. a4 Bg4 6. Ne5 Bh5 7. Nxc4 e6 8. Qb3 Na6 9. e3 Nb4 10. Be2 Bxe2 11. Nxe2 Be7 12. O-O O-O 13. Bd2 a5 14. Rad1 Ne4 15. Ng3 Nxd2 16. Rxd2 Qc7 17. Ne4 Rfd8 18. Rfd1 h6 19. Rc1 Rd5 20. Ne5 Rad8 21. Re2 Bd6 22. Nf3 Bf8 23. h3 Qe7 24. Ne5 Qc7 25. f4 Qb6 26. Nc4 Qc7 27. Rf2 Be7 28. Ne5 Bf8 29. Rcf1 f6 30. Ng6 Qf7 31. Nh4 R5d7 32. Nf3 Kh8 33. Nh4 Kh7 34. g4 Rd5 35. Qc3 c5 36. Nxc5 Bxc5 37. dxc5 Rd3 38. Qc4 Rxe3 39. Rf3 Rxf3 40. Rxf3 Qd7 41. Qe4+ Kg8 42. f5 e5 43. Ng6 Qd1+ 44. Rf1 Qd4+ 45. Qxd4 Rxd4 46. Rc1 Nc6 47. Kg2 Rxa4 48. Rd1 Rd4 49. Rc1 Kf7 50. Kf3 Ke8 51. Ke3 Kd7 52. Nf8+ Ke7 53. Ne6 Rb4 54. Nxg7 1-0


[Site "https://www.chess.com"]

[Event "Titled Tuesday Blitz February 21 Early 2023"]
[White "Yurasova, Daria"]
[Black "Kaganskiy, Gleb"]
[WhiteFideId "34146919"]
[BlackFideId "4132025"]
[WhiteElo "2095"]
[BlackElo "2205"]
[Result "0-1"]
[Round "04"]
[TimeControl "180+2"]
[Date "2023.02.21"]
[WhiteClock "0:00:09"]
[BlackClock "0:00:04"]

1. d4 Nf6 2. Bg5 Ne4 3. Bf4 d5 4. Nf3 c5 5. e3 Nc6 6. Nbd2 cxd4 7. exd4 Bg4 8. Be2 e6 9. c3 Bd6 10. Bg3 Nxd2 11. Qxd2 Bxg3 12. hxg3 Bxf3 13. Bxf3 Qc7 14. O-O O-O 15. Bd1 b5 16. Bc2 Rab8 17. a3 Rfc8 18. Qd3 g6 19. f4 a5 20. g4 b4 21. f5 bxc3 22. bxc3 e5 23. f6 exd4 24. Qd2 Qd6 25. cxd4 Nxd4 26. Qxd4 Rxc2 27. Kh1 Qg3 28. Qxd5 Qxg4 29. Rab1 Rf8 30. Rb7 Rcc8 31. Kg1 h5 32. Re1 Qg3 33. Rbe7 h4 34. Kh1 h3 35. gxh3 Qxh3+ 36. Kg1 Qg3+ 37. Kh1 Rc2 38. R7e2 Rxe2 39. Rxe2 Qh3+ 40. Kg1 Qg3+ 41. Rg2 Qe1+ 42. Kh2 Qh4+ 43. Kg1 Qxf6 44. Qxa5 Qa1+ 45. Kh2 Re8 46. Qd5 Qh8+ 47. Kg1 Qa1+ 48. Kf2 Qb2+ 49. Kg1 Qc1+ 50. Kh2 Qh6+ 51. Kg1 Re1+ 52. Kf2 Qe3# 0-1


[Site "https://www.chess.com"]

[Event "Titled Tuesday Blitz February 21 Early 2023"]
[White "Deng, Henry"]
[Black "Pourkashiyan, Atousa"]
[WhiteFideId "30965454"]
[BlackFideId "12502014"]
[WhiteElo "2168"]
[BlackElo "2282"]
[Result "0-1"]
[Round "04"]
[TimeControl "180+2"]
[Date "2023.02.21"]
[WhiteClock "0:00:07"]
[BlackClock "0:00:17"]

1. e4 c5 2. Nc3 e6 3. Nge2 a6 4. d4 cxd4 5. Nxd4 Qc7 6. Bd3 Nf6 7. O-O d6 8. f4 Nbd7 9. Nb3 Be7 10. Kh1 O-O 11. Be3 b6 12. Qe2 Bb7 13. a4 Nc5 14. Nxc5 bxc5 15. Rad1 d5 16. exd5 exd5 17. Bd2 Rfe8 18. Qf2 d4 19. Ne2 Qc6 20. b3 Bd6 21. Ng3 Ng4 22. Qg1 Ne3 23. Bxe3 Rxe3 24. Nf5 Ree8 25. Qf2 Bf8 26. Be2 Qg6 27. Bd3 Be4 28. Bxe4 Rxe4 29. Ng3 Re3 30. f5 Qg4 31. Qd2 Rae8 32. Qa5 Re2 33. Nxe2 Rxe2 34. Rg1 Rxc2 35. Qxa6 Rxg2 36. Rxg2 Qxd1+ 37. Rg1 Qf3+ 38. Rg2 d3 39. Kg1 Qd1+ 40. Kf2 Qe2+ 41. Kg3 Qe1+ 42. Kh3 d2 43. Qd3 d1=Q 44. Qxd1 Qxd1 45. Rg3 Qh5+ 46. Kg2 Qxf5 47. a5 Qd5+ 48. Kg1 Qd1+ 49. Kg2 Qd2+ 50. Kh3 Qxa5 51. Kg2 Qb4 0-1


[Site "https://www.chess.com"]

[Event "Titled Tuesday Blitz February 21 Early 2023"]
[White "The_Sherman_Variation"]
[Black "Avazkhonov, Alikhon"]
[BlackFideId "14208504"]
[WhiteElo "2513"]
[BlackElo "1538"]
[Result "1-0"]
[Round "04"]
[TimeControl "180+2"]
[Date "2023.02.21"]
[WhiteClock "0:00:20"]
[BlackClock "0:00:02"]

1. c4 e5 2. Nc3 d6 3. e4 f5 4. d3 Nf6 5. g3 Be7 6. Bg2 O-O 7. Nge2 c6 8. O-O a5 9. a3 Na6 10. Rb1 Nc7 11. b4 Qe8 12. b5 Ne6 13. Be3 Ng4 14. Bb6 f4 15. f3 Ne3 16. Bxe3 fxe3 17. Na4 Ng5 18. Nb6 Rb8 19. Nxc8 Qxc8 20. Qc1 d5 21. Qxe3 d4 22. Qd2 b6 23. f4 Ne6 24. fxe5 Bg5 25. Nf4 cxb5 26. Rxb5 Nc5 27. h4 Bh6 28. Qe2 Qe8 29. Nd5 Qxe5 30. Kh2 Rxf1 31. Bxf1 Rf8 32. Rxb6 Na4 33. Rb7 Nc3 34. Qg2 Nxd5 35. cxd5 Be3 36. Rb2 Bc1 37. Rc2 Bxa3 38. Be2 Bd6 39. Bg4 h6 40. Rf2 Rxf2 41. Qxf2 a4 42. Be6+ Kh7 43. Bf5+ g6 44. Be6 Kh8 45. Kh1 Qxg3 46. Qf6+ Kh7 47. Qf7+ Kh8 48. Qg8# 1-0


[Site "https://www.chess.com"]

[Event "Titled Tuesday Blitz February 21 Early 2023"]
[White "Derjabin, Ilja"]
[Black "Szyszylo, Rafal"]
[WhiteFideId "14104768"]
[BlackFideId "1109626"]
[WhiteElo "2333"]
[BlackElo "2091"]
[Result "0-1"]
[Round "04"]
[TimeControl "180+2"]
[Date "2023.02.21"]
[WhiteClock "0:00:09"]
[BlackClock "0:00:14"]

1. d4 g6 2. c4 Nf6 3. Nc3 Bg7 4. e4 O-O 5. Nge2 d6 6. Ng3 e5 7. d5 c6 8. Be2 Na6 9. O-O Nc5 10. b4 Na6 11. Rb1 c5 12. a3 b6 13. Be3 Ne8 14. Kh1 f5 15. exf5 gxf5 16. Nh5 f4 17. Bc1 Bf5 18. Rb3 Bg6 19. Nxg7 Nxg7 20. Nb5 Nf5 21. Bg4 Rf7 22. Bd2 Rc8 23. Rh3 cxb4 24. axb4 Rxc4 25. Qa4 Nb8 26. Nxa7 Qg5 27. Qe8+ Rf8 28. Qe6+ Kg7 29. f3 Re8 30. Bxf5 Rxe6 31. Bxe6 Rc2 32. Rd1 e4 33. Rg3 Rxd2 34. Rc1 fxg3 35. hxg3 Qxg3 0-1


[Site "https://www.chess.com"]

[Event "Titled Tuesday Blitz February 21 Early 2023"]
[White "Delgado Rosas, Fatima Alexandra"]
[Black "WindWhistler11"]
[WhiteFideId "6603963"]
[WhiteElo "1500"]
[BlackElo "2536"]
[Result "0-1"]
[Round "04"]
[TimeControl "180+2"]
[Date "2023.02.21"]
[WhiteClock "0:02:10"]
[BlackClock "0:02:21"]

1. d4 Nf6 2. c4 e6 3. Nc3 c5 4. e3 b6 5. Nf3 Bb7 6. Bd3 cxd4 7. exd4 d6 8. O-O Nbd7 9. Bg5 Be7 10. Qe2 h6 11. Bh4 O-O 12. Rfe1 Rc8 13. Rad1 a6 14. b3 d5 15. Rc1 dxc4 16. Bxc4 b5 17. Bd3 Bb4 18. Qb2 Qa5 19. Ne4 Bxe4 20. Rxc8 Rxc8 21. Rxe4 Nxe4 22. Bxe4 Ba3 0-1


[Site "https://www.chess.com"]

[Event "Titled Tuesday Blitz February 21 Early 2023"]
[White "Leenhouts, Koen"]
[Black "Mogirzan, Matei-Valeriu"]
[WhiteFideId "1008439"]
[BlackFideId "1257455"]
[WhiteElo "2447"]
[BlackElo "1813"]
[Result "0-1"]
[Round "04"]
[TimeControl "180+2"]
[Date "2023.02.21"]
[WhiteClock "0:00:13"]
[BlackClock "0:00:05"]

1. e4 e5 2. Nf3 Nf6 3. Nxe5 Nc6 4. Nxc6 dxc6 5. Nc3 Bc5 6. d3 Ng4 7. Be3 Nxe3 8. fxe3 Bxe3 9. Qf3 Qg5 10. h4 Bd2+ 11. Kd1 Qh6 12. g4 Bxc3 13. bxc3 Qg6 14. Be2 Bd7 15. Kd2 O-O-O 16. Raf1 f6 17. Qe3 Kb8 18. g5 fxg5 19. hxg5 Qe6 20. a4 c5 21. Qxc5 Bxa4 22. Qb4 Bc6 23. Kc1 Qe5 24. Rf5 Qxf5 25. exf5 Bxh1 26. f6 gxf6 27. gxf6 Rhf8 28. Qh4 Bd5 29. c4 Bg8 30. Qh6 a5 31. Bf3 a4 32. Kb2 Rf7 33. Bd5 Rfd7 34. Be4 Rf7 35. Qg5 Rdf8 36. Bd5 Rxf6 37. Bh1 Rg6 38. Qc5 Rff6 39. Ka3 Rb6 40. Qf8+ Ka7 41. Qf2 Rf6 42. Qd4 Rf1 43. c5 Rbb1 44. Qxa4+ Kb8 45. Qe8+ Ka7 46. Qa4+ Kb8 47. Qe8+ Ka7 48. Qxg8 Rb5 49. Qd5 Ra1+ 50. Qa2 Rxa2+ 51. Kxa2 Rxc5 52. c4 Kb6 53. Kb3 Rh5 54. Be4 c5 55. Bf3 Rh3 56. Be4 h5 57. Ka4 Rg3 58. Bf5 h4 0-1


[Site "https://www.chess.com"]

[Event "Titled Tuesday Blitz February 21 Early 2023"]
[White "Reprintsev, Alexander"]
[Black "Uzcategui Rodriguez, Alejandro"]
[WhiteFideId "14100541"]
[BlackFideId "3903400"]
[WhiteElo "2253"]
[BlackElo "2255"]
[Result "1-0"]
[Round "04"]
[TimeControl "180+2"]
[Date "2023.02.21"]
[WhiteClock "0:01:44"]
[BlackClock "0:01:48"]

1. e4 e6 2. d4 d5 3. Nc3 Nf6 4. Bg5 Be7 5. e5 Nfd7 6. h4 a6 7. Qg4 f5 8. Qg3 c5 9. Nf3 Nc6 10. dxc5 Nxc5 11. O-O-O Bxg5+ 12. hxg5 b5 13. Bd3 b4 14. Ne2 Qa5 15. Kb1 Bd7 16. Ned4 O-O-O 17. Nxc6 Bxc6 18. Nd4 Bd7 19. Rh4 Na4 20. Nb3 Qc7 21. Bxa6+ Kb8 22. Rxb4+ Ka7 23. Rb7+ Qxb7 24. Bxb7 1-0


[Site "https://www.chess.com"]

[Event "Titled Tuesday Blitz February 21 Early 2023"]
[White "Shubin, Daniel"]
[Black "Zochowski, Kacper"]
[WhiteFideId "30936470"]
[BlackFideId "1125494"]
[WhiteElo "2231"]
[BlackElo "2262"]
[Result "1-0"]
[Round "04"]
[TimeControl "180+2"]
[Date "2023.02.21"]
[WhiteClock "0:00:47"]
[BlackClock "0:00:19"]

1. e4 c5 2. Nf3 e6 3. d4 cxd4 4. Nxd4 a6 5. c4 Nc6 6. Nc3 Bb4 7. Qd3 Nf6 8. Nxc6 dxc6 9. Qxd8+ Kxd8 10. e5 Ne4 11. a3 Bxc3+ 12. bxc3 Ke7 13. Be3 f6 14. Bd3 Nxc3 15. a4 b5 16. axb5 cxb5 17. cxb5 a5 18. Bc5+ Kf7 19. O-O Nd5 20. exf6 gxf6 21. Ra3 Bb7 22. Be4 f5 23. Bf3 Rhb8 24. Rfa1 e5 25. Rxa5 Rxa5 26. Rxa5 e4 27. Be2 Nc3 28. Bc4+ Bd5 29. Bxd5+ Nxd5 30. g3 Ke6 31. Ra6+ Ke5 32. Bd6+ 1-0


[Site "https://www.chess.com"]

[Event "Titled Tuesday Blitz February 21 Early 2023"]
[White "Taboas Rodriguez, Daniel"]
[Black "Martin Barcelo, Carles"]
[WhiteFideId "2208466"]
[BlackFideId "24561444"]
[WhiteElo "2371"]
[BlackElo "2221"]
[Result "1-0"]
[Round "04"]
[TimeControl "180+2"]
[Date "2023.02.21"]
[WhiteClock "0:02:14"]
[BlackClock "0:01:38"]

1. d4 Nf6 2. Nf3 d5 3. c4 e6 4. Bg5 dxc4 5. Qa4+ Bd7 6. Qxc4 Be7 7. Nc3 O-O 8. e3 c5 9. dxc5 Qc7 10. Ne4 a5 11. Rc1 Na6 12. Bd3 Rfc8 13. Nxf6+ gxf6 14. Bh6 f5 15. O-O Qxc5 16. Qf4 1-0


[Site "https://www.chess.com"]

[Event "Titled Tuesday Blitz February 21 Early 2023"]
[White "Koridze, Lile"]
[Black "Karas, Marek"]
[WhiteFideId "13612514"]
[BlackFideId "14928558"]
[WhiteElo "2191"]
[BlackElo "2227"]
[Result "0-1"]
[Round "04"]
[TimeControl "180+2"]
[Date "2023.02.21"]
[WhiteClock "0:00:03"]
[BlackClock "0:01:32"]

1. d4 Nf6 2. c4 e6 3. Nf3 b6 4. g3 Bb7 5. Bg2 Be7 6. O-O O-O 7. Re1 d5 8. Qc2 dxc4 9. Qxc4 Nbd7 10. Bf4 Bd6 11. Ne5 Bxg2 12. Kxg2 Bxe5 13. dxe5 Nd5 14. Nc3 Nxc3 15. Qxc3 Qc8 16. Red1 Qb7+ 17. f3 Rfd8 18. b4 Nf8 19. Rd3 Rxd3 20. exd3 Rd8 21. Rc1 Rd7 22. b5 Qd5 23. a4 Qa2+ 24. Qc2 Qxc2+ 25. Rxc2 Ng6 26. Kf2 Ne7 27. Be3 Nd5 28. Rc4 h6 29. f4 Kf8 30. Kf3 g6 31. Bc1 Rd8 32. Ba3+ Ke8 33. Ke4 a6 34. Bb2 axb5 35. axb5 Ra8 36. g4 Ra2 37. Rc2 Kd7 38. f5 Ra4+ 39. d4 Rb4 40. Ba3 Rb3 41. Bc1 h5 42. fxe6+ fxe6 43. gxh5 gxh5 44. Rg2 Rxb5 45. Rg7+ Kc8 46. Rh7 Rb1 47. Bg5 b5 48. Rxh5 b4 49. Kd3 b3 50. Rh6 Kd7 51. Rh7+ Kc6 52. Rh8 Rd1+ 53. Ke2 Nc3+ 54. Kf2 b2 0-1


[Site "https://www.chess.com"]

[Event "Titled Tuesday Blitz February 21 Early 2023"]
[White "Krzywda, Andrzej"]
[Black "Arencibia Monduy, Antonio"]
[WhiteFideId "1114565"]
[BlackFideId "3507939"]
[WhiteElo "2223"]
[BlackElo "2122"]
[Result "1-0"]
[Round "04"]
[TimeControl "180+2"]
[Date "2023.02.21"]
[WhiteClock "0:00:07"]
[BlackClock "0:00:02"]

1. c4 Nf6 2. Nc3 e6 3. e4 d5 4. e5 d4 5. exf6 dxc3 6. bxc3 Qxf6 7. d4 c5 8. Nf3 h6 9. Bd3 cxd4 10. cxd4 Bb4+ 11. Bd2 Bxd2+ 12. Qxd2 Nc6 13. Qe3 Bd7 14. O-O O-O 15. Rab1 b6 16. Qe4 g6 17. Rfd1 Rac8 18. h4 h5 19. Qe3 Kg7 20. Ne5 Nxe5 21. dxe5 Qe7 22. Qf4 Ba4 23. Re1 Rfd8 24. Re3 Rxd3 25. Rxd3 Bc2 26. Rbb3 Bxd3 27. Rxd3 Qc7 28. Rd4 Kg8 29. Qf6 Re8 30. g4 hxg4 31. Rxg4 Qe7 32. Qf4 Rd8 33. h5 Rd1+ 34. Kh2 Kg7 35. hxg6 fxg6 36. Rh4 g5 37. Qg3 Rd8 38. Rh5 Kg6 39. Qg4 Rf8 40. Kg1 Rf4 41. Qh3 Rh4 42. Rxh4 gxh4 43. Qg4+ Kh6 44. Kh2 a5 45. Kh3 Qa3+ 46. f3 Qxa2 47. Qxh4+ Kg7 48. Qg4+ Kh7 49. Qh5+ Kg7 50. Qg5+ Kh7 51. Qe7+ Kh8 52. Qf8+ Kh7 53. Qf7+ Kh8 54. Qf6+ Kh7 55. Qxe6 a4 56. Qf7+ Kh6 57. Qf6+ Kh7 58. Qf5+ Kh6 59. Qe6+ Kh7 60. Qxb6 a3 61. Qb7+ Kh6 62. Qc6+ Kh7 63. Qd7+ Kh6 64. Qe6+ Kh7 65. Qf7+ Kh6 66. Qf6+ Kh7 67. e6 Qxc4 68. Qe7+ Kg6 69. Qxa3 1-0


[Site "https://www.chess.com"]

[Event "Titled Tuesday Blitz February 21 Early 2023"]
[White "Ezat, Mohamed"]
[Black "Lucassen, Mickey"]
[WhiteFideId "10600906"]
[BlackFideId "12919110"]
[WhiteElo "2402"]
[BlackElo "2023"]
[Result "1-0"]
[Round "04"]
[TimeControl "180+2"]
[Date "2023.02.21"]
[WhiteClock "0:01:47"]
[BlackClock "0:01:28"]

1. d4 Nf6 2. Nc3 d5 3. Bf4 a6 4. e3 Bf5 5. Nf3 e6 6. Bd3 Bxd3 7. cxd3 c5 8. Rc1 Nc6 9. dxc5 Bxc5 10. d4 Bd6 11. Ne5 Bxe5 12. dxe5 Nd7 13. Qg4 Qe7 14. Qg3 O-O-O 15. O-O h6 16. h4 Kb8 17. Nxd5 exd5 18. e6+ Ka8 19. exd7 Rxd7 20. Qxg7 Rdd8 21. Bg3 Rdg8 22. Qc3 Rg4 23. Qxh8+ 1-0


[Site "https://www.chess.com"]

[Event "Titled Tuesday Blitz February 21 Early 2023"]
[White "Bethke, Richard"]
[Black "I_KID_you_not"]
[WhiteFideId "12959243"]
[WhiteElo "2382"]
[BlackElo "2364"]
[Result "0-1"]
[Round "04"]
[TimeControl "180+2"]
[Date "2023.02.21"]
[WhiteClock "0:00:37"]
[BlackClock "0:01:03"]

1. e4 c5 2. Nf3 Nc6 3. d4 cxd4 4. Nxd4 e5 5. Nb5 d6 6. N1c3 a6 7. Na3 Be7 8. Nd5 Nf6 9. Be3 Nxd5 10. exd5 Nd4 11. Bxd4 exd4 12. Qxd4 O-O 13. O-O-O Bf6 14. Qb4 b5 15. h4 Bd7 16. g4 Bxh4 17. Qxd6 Bg5+ 18. f4 Bxg4 19. Qxd8 Bxd8 20. Re1 Bf3 21. Rg1 Bxd5 22. Bd3 Bb6 23. Rg5 Rad8 24. c4 Be6 25. cxb5 Rxd3 26. bxa6 Ra8 27. Rb5 Be3+ 28. Kb1 Bxf4 29. Re4 Bd6 30. Rb6 Bf5 0-1


[Site "https://www.chess.com"]

[Event "Titled Tuesday Blitz February 21 Early 2023"]
[White "Todev, Simeon"]
[Black "Manukyan, Artyom"]
[WhiteFideId "2925133"]
[BlackFideId "13305786"]
[WhiteElo "2033"]
[BlackElo "2110"]
[Result "0-1"]
[Round "04"]
[TimeControl "180+2"]
[Date "2023.02.21"]
[WhiteClock "0:00:04"]
[BlackClock "0:00:06"]

1. d4 Nf6 2. c4 e6 3. Nc3 d5 4. Nf3 c5 5. e3 Nc6 6. cxd5 Nxd5 7. Bb5 Nxc3 8. bxc3 cxd4 9. exd4 Bd6 10. O-O O-O 11. Bd3 g6 12. Bg5 Qc7 13. Bf6 Be7 14. Bxe7 Qxe7 15. Qd2 Kg7 16. Rfe1 Qf6 17. Re4 b6 18. Rh4 h5 19. Be4 Bb7 20. g4 Nxd4 21. Qxd4 Qxd4 22. Nxd4 Bxe4 23. gxh5 Bd5 24. Re1 gxh5 25. Rxh5 Rg8 26. f3 Bxa2 27. Kf2 Kf6 28. Rh6+ Rg6 29. Rxg6+ Kxg6 30. Ra1 Bc4 31. Nc6 Bd5 32. Nxa7 Kf5 33. Ke3 Rh8 34. Ra6 Rh3 35. Rxb6 Rxf3+ 36. Kd4 Rf4+ 37. Kd3 Rh4 38. Nc8 Rxh2 39. Kd4 Rh4+ 40. Kd3 Be4+ 41. Ke3 Bd5 42. Ne7+ Ke5 43. Rb5 Rh3+ 44. Kd2 Kd6 45. Nxd5 exd5 46. Rb7 f5 47. Rf7 Ke5 48. Re7+ Kd6 49. Rf7 Ke6 50. Ra7 Rg3 51. Ra8 f4 52. Re8+ Kf5 53. Rf8+ Ke4 54. Re8+ Kf3 55. Re5 Rg2+ 56. Kd3 Rg1 57. Kd2 Kf2 58. Re2+ Kg3 59. Re8 f3 60. Rg8+ Kf2 61. Rf8 Ra1 62. Kd3 Ra4 63. Rf5 Kg3 64. Rxd5 f2 65. Rf5 Kg2 66. Rg5+ Kh1 67. Rh5+ Kg1 68. Rg5+ Kf1 69. c4 Ra3+ 70. Kd2 Ra4 71. c5 Rc4 72. Ke3 Ke1 73. Kd3 f1=Q+ 74. Ke3 Rc3+ 75. Kd4 Qc4+ 76. Ke5 Qxc5+ 77. Kf4 Rf3+ 78. Kg4 Rg3+ 0-1


[Site "https://www.chess.com"]

[Event "Titled Tuesday Blitz February 21 Early 2023"]
[White "Matveeva, Olga"]
[Black "Garv Gaur"]
[WhiteFideId "24107018"]
[BlackFideId "45030839"]
[WhiteElo "2128"]
[BlackElo "2006"]
[Result "0-1"]
[Round "04"]
[TimeControl "180+2"]
[Date "2023.02.21"]
[WhiteClock "0:00:02"]
[BlackClock "0:00:05"]

1. d4 Nf6 2. c4 e6 3. g3 Bb4+ 4. Bd2 Qe7 5. Nf3 O-O 6. Bg2 Bxd2+ 7. Nbxd2 d6 8. O-O e5 9. dxe5 dxe5 10. e3 Nc6 11. Qc2 h6 12. Rfd1 Be6 13. b3 Rfd8 14. Qc3 Bf5 15. Nh4 Bh7 16. Nf1 e4 17. Bh3 Rd3 18. Rxd3 exd3 19. Bf5 Bxf5 20. Nxf5 Qe4 21. Nd4 Rd8 22. Nd2 Qg6 23. N2f3 Ne7 24. Ne5 Qe4 25. Nxd3 b6 26. Nf4 c5 27. Nde2 Ng4 28. Qe1 Ne5 29. Qb1 Nf3+ 30. Kh1 Qb7 31. e4 Nd2 32. Qc2 Nxe4 33. Kg1 Ng5 34. Rb1 Nf3+ 35. Kf1 Nd2+ 36. Kg1 Nf3+ 37. Kf1 Nxh2+ 38. Ke1 Nf3+ 39. Kf1 Nh2+ 40. Kg1 Rd2 0-1


[Site "https://www.chess.com"]